 Dungeon Crawl Stone Soup version 0.15.0-13-gb296d5c (webtiles) character file.

2599 Kashira the Vexing (level 9, -2/112 HPs)
             Began as a Naga Enchanter on Sept 3, 2014.
             Was a Believer of Qazlal.
             Slain by Grum
             ... wielding a -1 spear
              (5 damage)
             ... on Level 8 of the Dungeon.
             The game lasted 00:44:00 (7901 turns).

Kashira the Vexing (Naga Enchanter)                 Turns: 7901, Time: 00:44:01

HP  -2/112       AC 25     Str 13      XL: 9   Next: 59%
MP  16/23        EV  1     Int 17      God: Qazlal [**....]
Gold 577         SH  3     Dex 14      Spells:  4 memorised,  9 levels left

rFire  . . .     SeeInvis +     f - +4 mace
rCold  . . .     Clarity  .     J - melded +3 leather armour {MR+}
rNeg   + + +     rCorr    .     (no shield)
rPois  +         rRot     .     (no helmet)
rElec  .         Spirit   .     (cloak currently unavailable)
SustAb .         Warding  +     y - melded +0 pair of gloves
rMut   .         NoTele   +     (no barding)
Gourm  .                        q - amulet of warding
MR     +....                    I - +3 ring of strength
                                i - +1 ring of protection

@: tree-form, somewhat resistant to hostile enchantments, fairly stealthy
A: spit poison, see invisible, (deformed body), (poison resistance), (slowness
0), AC +3
a: Spit Poison, Upheaval, Renounce Religion


You were on level 8 of the Dungeon.
You worshipped Qazlal.
Qazlal was pleased with you.
You were near starving.
You were an animated tree.
You visited 2 branches of the dungeon, and saw 9 of its levels.

You collected 577 gold pieces.

Inventory:

Hand weapons
 f - a +4 mace (weapon)
Missiles
 g - a tomahawk
 h - a throwing net
 A - 4 steel tomahawks (quivered)
Armour
 y - a +0 pair of gloves (melded)
 J - a +3 leather armour of magic resistance (melded)
Magical devices
 w - a wand of draining (5) {unknown}
 C - a wand of paralysis (9) {unknown}
 D - a wand of lightning (5)
 F - a wand of cold (8)
 K - a wand of frost (7)
 L - a wand of slowing (10) {unknown}
Comestibles
 z - 3 fruits
 B - 4 bread rations
 E - a slice of pizza
 H - a royal jelly
 M - 2 rotting chunks of giant frog flesh
Scrolls
 b - 4 scrolls of recharging {unknown}
 d - 5 scrolls of identify
 e - 6 scrolls of remove curse
 j - 2 scrolls of amnesia {unknown}
 k - a scroll of fear {unknown}
 m - 2 scrolls of enchant armour
 o - a scroll of immolation {unknown}
 s - 6 scrolls of teleportation
 t - a scroll of enchant weapon
 x - 4 scrolls of magic mapping {unknown}
 G - a scroll of blinking {unknown}
Jewellery
 i - a +1 ring of protection (left branch)
 n - an uncursed ring of see invisible {unknown}
 q - an amulet of warding (around neck)
 I - a +3 ring of strength (right branch)
Potions
 a - a potion of berserk rage
 l - a potion of lignification
 p - a potion of agility
 r - a potion of haste {unknown}
 u - a potion of confusion {unknown}
 v - a potion of resistance {unknown}
Books
 c - a book of Maledictions

   Spells                             Type                      Level
   *Corona                            Hexes                        1
   Sure Blade                         Hexes/Charms                 2
   Ensorcelled Hibernation            Hexes/Ice                    2
   *Confuse                           Hexes                        3
   *Dazzling Spray                    Conjuration/Hexes            3
   *Enslavement                       Hexes                        4


   Skills:
 + Level 3.1 Fighting
   Level 1.0 Short Blades
 + Level 2.5 Maces & Flails
 + Level 3.3 Armour
 + Level 4.0 Dodging
 - Level 4.4 Stealth
 + Level 6.4 Spellcasting
 + Level 3.9 Conjurations
 + Level 7.0 Hexes


You had 9 spell levels left.
You knew the following spells:

 Your Spells              Type           Power        Failure   Level  Hunger
a - Corona                Hex            ####...      1%          1    None
b - Dazzling Spray        Conj/Hex       ###.....     4%          3    ##.....
c - Confuse               Hex            ####....     1%          3    ##.....
d - Enslavement           Hex            ####....     10%         4    ####...


Dungeon Overview and Level Annotations

Branches:
Dungeon (8/15)             Temple (1/1) D:4
   Lair: D:8-11

Altars:
Ashenzari
Dithmenos
Elyvilon
Kikubaaqudgha
Makhleb
Nemelex Xobeh
Okawaru
Qazlal
Sif Muna
Vehumet
Xom
Yredelemnul
The Shining One

Shops:
D:5 }

Annotations:
D:6 chipmonk's ghost, experienced DsBe
D:8 Grum; teukkam's ghost, experienced TrMo


Innate Abilities, Weirdness & Mutations

You cannot wear boots.
You can spit poison.
((Your serpentine skin is tough (AC +3).))
You have supernaturally acute eyesight.
((Armour fits poorly on your strangely shaped body.))
((Your system is resistant to poisons.))
((You cover ground very slowly.))


Message History

You completely miss the orc priest.
The orc priest hits you but does no damage.
The orc priest hits Grum with a flail.
Grum hits the orc priest with a spear!
Read which item? (? for menu, Esc to quit)
You cannot teleport right now.
You hit the orc priest.
The orc priest is lightly wounded.
Grum drinks a potion.
Grum is healed!
Grum seems less confused.
You hit the orc priest.
The orc priest is heavily wounded.
The orc priest seems less confused.
The orc priest mumbles some strange prayers to Beogh against you.
Something smites you!
* * * LOW HITPOINT WARNING * * *
You thump the orc priest!
You kill the orc priest!
Qazlal accepts your kill. Grum hits you but does no damage.
Grum hits you from afar with a spear.
You die...

...#.#.# #......#
.....#.# #......#
.###.#.# #.....(# .. .#
#<#.####..(...###...
.#####.##......./.......
.##....##.#(##..........
.......##.)%....o.......
###.##hh..####g§h........
# #.#..h### #...♣........
# #.....+ #....)....... #
#.#...# #........### #
###...# .).....(..# #####
####.......# #.......#
#########


You could see Grum, a wolf and an orc priest (confused).

Vanquished Creatures
  A wolf (D:8)
  Purgy (D:3)
  2 sky beasts
  2 phantoms
  3 centaurs
  5 ogres
  Duvessa (D:5)
  3 giant frogs (D:7)
  3 scorpions
  A jelly (D:7)
  A goliath beetle (D:7)
  A hound (D:4)
  Dowan (D:5)
  A crimson imp (D:7)
  An iguana (D:3)
  6 orc priests
  6 orc wizards
  4 worker ants
  An ogre zombie (D:6)
  A sky beast zombie (D:5)
  Ijyb (D:2)
  A hound skeleton (D:5)
  12 adders
  3 gnolls (D:2)
  An inept feature mimic (D:3)
  A worm (D:3)
  An adder zombie (D:7)
  3 giant geckos
  2 oozes
  23 orcs
  4 ball pythons
  13 bats
  7 giant cockroaches
  11 hobgoblins
  7 jackals
  4 quokkas
  3 giant newts
  A giant spore (D:6)
  14 goblins
  A jackal skeleton (D:6)
  20 kobolds
  An orc skeleton (D:4)
  14 rats
  A rat skeleton (D:6)
  2 rat zombies
  A ballistomycete (D:6)
  2 butterflies (D:4)
199 creatures vanquished.

Vanquished Creatures (others)
  An orc priest (D:5)
  2 orcs (D:5)
3 creatures vanquished.

Grand Total: 202 creatures vanquished

Notes
Turn   | Place    | Note
--------------------------------------------------------------
     0 | D:1      | Kashira, the Naga Enchanter, began the quest for the Orb.
     0 | D:1      | Reached XP level 1. HP: 15/15 MP: 3/3
   284 | D:1      | Reached XP level 2. HP: 19/22 MP: 2/4
   857 | D:2      | Reached XP level 3. HP: 25/28 MP: 6/6
   871 | D:2      | Learned a level 3 spell: Dazzling Spray
  1599 | D:2      | Noticed Ijyb
  1615 | D:2      | Killed Ijyb
  1615 | D:2      | Reached skill level 1 in Armour
  1807 | D:2      | Reached XP level 4. HP: 36/36 MP: 0/8
  1817 | D:2      | Learned a level 3 spell: Confuse
  2098 | D:2      | Reached XP level 5. HP: 37/43 MP: 3/9
  2458 | D:3      | Reached skill level 1 in Fighting
  2844 | D:3      | Noticed Purgy
  2857 | D:3      | Killed Purgy
  2857 | D:3      | Reached skill level 1 in Conjurations
  2857 | D:3      | Reached XP level 6. HP: 22/51 MP: 1/12
  2960 | D:3      | Learned a level 4 spell: Enslavement
  3909 | D:4      | Reached XP level 7. HP: 16/57 MP: 2/15
  4032 | D:4      | Found a staircase to the Ecumenical Temple.
  4043 | Temple   | Entered the Ecumenical Temple
  4092 | Temple   | Became a worshipper of Qazlal Stormbringer
  4497 | D:5      | Entered Level 5 of the Dungeon
  4563 | D:6      | Noticed chipmonk's ghost (experienced DsBe)
  4827 | D:5      | Found Ciese's Gadget Shoppe.
  4881 | D:5      | Noticed Duvessa
  4924 | D:5      | Noticed Dowan
  4948 | D:5      | Killed Duvessa
  4978 | D:5      | Killed Dowan
  4978 | D:5      | Acquired Qazlal's first power
  4978 | D:5      | Reached XP level 8. HP: 56/67 MP: 5/17
  5107 | D:5      | Reached skill level 1 in Maces & Flails
  5111 | D:5      | Reached skill level 5 in Hexes
  5961 | D:7      | Found an iron altar of Okawaru.
  6009 | D:7      | Reached skill level 5 in Spellcasting
  6009 | D:7      | Reached skill level 6 in Hexes
  6341 | D:7      | Reached XP level 9. HP: 71/74 MP: 21/21
  6454 | D:7      | Acquired Qazlal's second power
  7658 | D:7      | Reached skill level 7 in Hexes
  7692 | D:8      | Noticed teukkam's ghost (experienced TrMo)
  7878 | D:8      | Noticed Grum
  7897 | D:8      | HP: 2/112 [orc priest/divine providence (15)]
  7901 | D:8      | Slain by Grum

Action                   |  1- 3 |  4- 6 |  7- 9 || total
-------------------------+-------+-------+-------++-------
Melee: Mace              |    51 |    13 |   190 ||   254
       Dagger            |    29 |    63 |       ||    92
 Cast: Corona            |     7 |     1 |     1 ||     9
       Dazzling Spray    |     8 |    34 |    52 ||    94
       Confuse           |       |     2 |    40 ||    42
 Abil: Spit Poison       |    44 |    56 |   109 ||   209
Evoke: Wand              |       |       |     4 ||     4
  Use: Scroll            |       |       |    11 ||    11
       Potion            |       |       |     3 ||     3
 Stab: Distracted        |     1 |       |       ||     1
       Confused          |       |     1 |    11 ||    12
       Sleeping          |       |     1 |       ||     1
       Invisible         |       |       |     2 ||     2
  Eat: Chunk             |     7 |    10 |    18 ||    35
       Bread ration      |       |     1 |       ||     1
       Beef jerky        |       |       |     1 ||     1
       Meat ration       |       |       |     1 ||     1
       Pizza             |       |       |     1 ||     1
